 Dungeon Crawl Stone Soup version 0.29-a0-319-gad05b8d819 (webtiles) character file.

Game seed: 6644353645914360406

7 GigaChad the Skirmisher (level 1, -7/18 HPs)
             Began as a Demonspawn Abyssal Knight on Apr 1, 2022.
             Was a Follower of Lugonu.
             Mangled by Natasha (9 damage)
             ... on level 2 of the Dungeon.
             The game lasted 00:02:53 (459 turns).

GigaChad the Skirmisher (Demonspawn Abyssal Knight)  Turns: 459, Time: 00:02:54

Health: -7/18      AC:  3    Str: 13    XL:     1   Next: 83%
Magic:  2/2        EV: 11    Int: 11    God:    Lugonu [*.....]
Gold:   14         SH:  0    Dex: 13    Spells: 0/0 levels left

rFire   . . .      SeeInvis .   a - +1 falchion
rCold   . . .      Faith    .   (no shield)
rNeg    . . .      Spirit   .   b - +0 leather armour
rPois   .          Reflect  .   (no helmet)
rElec   .          Harm     .   (no cloak)
rCorr   .          Rampage  .   (no gloves)
Will    +....                   (no boots)
Stlth   +.........              (no amulet)
HPRegen 0.06/turn               c - ring of willpower
MPRegen 0.08/turn               (no ring)

@: no status effects
A: no striking features
a: Renounce Religion, Depart the Abyss


You were on level 2 of the Dungeon.
You worshipped Lugonu.
Lugonu was aware of your devotion.
You visited 1 branch of the dungeon, and saw 2 of its levels.
You visited the Abyss 1 time.

You collected 14 gold pieces.

Inventory:

Hand Weapons
 a - a +1 falchion (weapon)
 d - a +0 dire flail
Missiles
 e - 6 boomerangs
Armour
 b - a +0 leather armour (worn)
Jewellery
 c - a ring of willpower (left hand)
Scrolls
 f - a scroll of enchant weapon {unknown}
 g - a scroll of magic mapping {unknown}
 i - a scroll of teleportation {unknown}
Potions
 h - a potion of curing {unknown}


   Skills:
 + Level 3.4 Fighting
 + Level 1.7 Long Blades
 + Level 1.7 Armour
 + Level 0.8 Dodging
 + Level 2.4 Invocations


You couldn't memorise any spells.
You didn't know any spells.
Your spell library contained the following spells:

 Spells                   Type           Power      Damage    Failure   Level
 Dazzling Flash           Conj/Hex       0%         N/A       80%         3
 Iskenderun's Mystic Bla  Conj/Tloc      0%         2d3       99%         4
 Starburst                Conj/Fire      0%         6d3       100%        6


Dungeon Overview and Level Annotations

Branches:
Dungeon (2/15)

Altars:

Annotations:
D:2 Natasha


Message History

g - a scroll labelled SOUHIOMYATU
Found 28 stones.
Found a stone staircase leading down.
There is a stone staircase leading down here.
Found a ring mail.
There is a stone staircase leading down here.
You see here a hobgoblin skeleton.
h - a sedimented sapphire potion
Found a book of Spectacle.
Found an escape hatch in the floor.
Found a scroll labelled NOODYD LUORCH.
You pick up a book of Spectacle and begin reading...
You add the spells Dazzling Flash, Iskenderun's Mystic Blast and Starburst to your library.
There is an escape hatch in the floor here.
i - a scroll labelled NOODYD LUORCH
There is an escape hatch in the floor here.
You slide downwards.
The hatch slams shut behind you.
The helpless Natasha fails to defend herself.
You hit Natasha.
Natasha is lightly wounded.
Natasha misses you.
You closely miss Natasha.
Natasha is lightly wounded.
Natasha claws you!
You closely miss Natasha.
Natasha is lightly wounded.
Natasha claws you!
* * * LOW HITPOINT WARNING * * *
You hit Natasha.
Natasha is lightly wounded.
Natasha claws you.
* * * LOW HITPOINT WARNING * * *
You barely miss Natasha.
Natasha is lightly wounded.
Natasha misses you. x2
You hit Natasha.
Natasha is heavily wounded.
Natasha claws you!
Ouch! That really hurt!
You die... #.#######.### #...h@....... #########.##.

You could see Natasha.

Vanquished Creatures
  An endoplasm (D:1)
  A goblin (D:1)
  2 hobgoblins (D:1)
  A frilled lizard (D:1)
  A kobold (D:1)
6 creatures vanquished.

Notes
Turn   | Place    | Note
-------+----------+-------------------------------------------
     0 | Abyss:1  | GigaChad the Demonspawn Abyssal Knight began the quest for
                  | the Orb.
     0 | Abyss:1  | Reached XP level 1. HP: 18/18 MP: 2/2
     5 | D:1      | Escaped the Abyss
   119 | D:1      | Found a faded altar of an unknown god.
   453 | D:2      | Noticed Natasha
   459 | D:2      | Mangled by Natasha

Illustrated notes

Levels and vault maps discovered:
D:1:      sevenhm_arrival_forest_fort_small_4, layout_basic,
          shapermc_ecumenical_altar_starsandcircs
D:2:      layout_loops_ring, uniq_natasha

Action                   || total
-------------------------++-------
Melee: Falchion          ||    21
Invok: Depart the Abyss  ||     1
 Stab: Sleeping          ||     1
Armor: Leather armour    ||     7
Dodge: Dodged            ||    11

Table legend: (Time is in decaauts)
 A = Elapsed time spent in this place.
 B = Non-inter-level travel time spent in this place.
 C = Inter-level travel time spent in this place.
 D = Time resting spent in this place.
 E = Time spent auto-exploring this place.
 F = Levels seen in this place.
 G = Mean time per level.
                   A        B        C        D        E       F      G
               +--------+--------+--------+--------+--------+-----+--------+
         Total |    462 |    462 |      0 |      0 |      0 |   3 |  154.0 |
       Dungeon |    457 |    457 |      0 |      0 |      0 |   2 |  228.5 |
         Abyss |      5 |      5 |      0 |      0 |      0 |   1 |    5.0 |
               +--------+--------+--------+--------+--------+-----+--------+

Top non-repeatable levels by time:
     D:1: 450 daAuts
     D:2: 6 daAuts
 Abyss:1: 5 daAuts
